 Dungeon Crawl Stone Soup version 0.19-a0-1905-ge8b2aad (webtiles) character file.

4815 Psiweapon the Basher (level 10, -13/86 HPs)
             Began as a Hill Orc Fighter on Oct 21, 2016.
             Was a Believer of Cheibriados.
             Mangled by a hornet (15 damage)
             ... while paralysed by a hornet
             ... on level 9 of the Dungeon.
             The game lasted 00:31:38 (9095 turns).

Psiweapon the Basher (Hill Orc Fighter)             Turns: 9095, Time: 00:31:39

Health: -13/86     AC: 18    Str: 28    XL:     10   Next: 48%
Magic:  12/12      EV:  2    Int: 15    God:    Cheibriados [**....]
Gold:   371        SH:  0    Dex: 18    Spells: 0 memorised, 9 levels left

rFire  . . .     SeeInvis .     a - +1 flail (protect)
rCold  + + .     Gourm    .     N - +5 leather armour of the Game of Life {rC++ Str+2}
rNeg   . . .     Faith    .     c - +0 shield
rPois  .         Spirit   .     (no helmet)
rElec  .         Reflect  .     n - +0 cloak
rCorr  .         Harm     .     (no gloves)
MR     .....                    (no boots)
Stlth  +++.......               W - amulet of magic regeneration
                                j - ring of stealth
                                y - +3 ring of dexterity

@: paralysed, protection aura, slowed, very slow
A: slimy green scales 1
a: Bend Time, Renounce Religion


You were on level 9 of the Dungeon.
You worshipped Cheibriados.
Cheibriados was pleased with you.
You were very hungry.

You visited 2 branches of the dungeon, and saw 11 of its levels.

You collected 411 gold pieces.
You spent 40 gold pieces at shops.

Inventory:

Hand Weapons
 a - a +1 flail of protection (weapon)
 b - a +0 hand crossbow
 x - a +2 whip of freezing
 H - a +0 war axe
 J - a +0 whip of holy wrath
 V - a +2 flail of venom
Missiles
 h - 33 bolts
 p - 4 needles of confusion
 s - 23 poisoned needles
 F - 4 throwing nets (quivered)
 O - 13 tomahawks
 P - 6 steel javelins
Armour
 c - a +0 shield (worn)
 n - a +0 cloak (worn)
 z - a +2 plate armour of poison resistance
 N - the +5 leather armour of the Game of Life (worn) {rC++ Str+2}
   (You found it on level 4 of the Dungeon)

   It affects your strength (+2).
   It greatly protects you from cold.
Jewellery
 e - a +3 ring of intelligence
 j - a ring of stealth (right hand)
 u - an uncursed ring of protection from cold
 y - a +3 ring of dexterity (left hand)
 W - an amulet of magic regeneration (around neck)
Wands
 v - a wand of enslavement (6/24)
 D - a wand of lightning (0/15)
 X - a wand of flame (34/48)
Scrolls
 d - 3 scrolls of blinking
 g - 5 scrolls of teleportation
 l - 3 scrolls of random uselessness
 r - 7 scrolls of remove curse
 C - 2 scrolls of noise
 G - a scroll of fear
 L - 3 scrolls of magic mapping
 S - a scroll of amnesia
 T - a scroll of immolation
 U - a scroll of enchant weapon {unknown}
 Y - 2 scrolls of identify
Potions
 i - a potion of degeneration {unknown}
 q - a potion of flight {unknown}
 t - 2 potions of lignification
 A - 3 potions of cure mutation
 B - a potion of magic {unknown}
 E - 2 potions of mutation {unknown}
 M - a potion of invisibility {unknown}
 Q - a potion of agility
 Z - a potion of beneficial mutation
Comestibles
 f - 5 bread rations
 k - 5 chunks of flesh
 w - 6 fruits


   Skills:
 + Level 7.1 Fighting
 + Level 6.0(9.0) Axes
 + Level 8.7(9.3) Maces & Flails
 + Level 4.4 Crossbows
 + Level 4.5 Armour
 + Level 4.2 Dodging
 + Level 2.5 Stealth
 + Level 7.4 Shields
 * Level 3.8 Invocations
 + Level 0.2 Evocations


You had 9 spell levels left.
You didn't know any spells.

Dungeon Overview and Level Annotations

Branches:
Dungeon (10/15)            Temple (1/1) D:7
   Lair: D:8-11         Orc: D:9-12

Altars:
Ashenzari
Cheibriados
Dithmenos
Elyvilon
Fedhas
Gozag
Hepliaklqana
Kikubaaqudgha
Makhleb
Nemelex Xobeh
Okawaru
Qazlal
Ru
Trog
Uskayaw
Vehumet
Xom
Yredelemnul
Zin
The Shining One

Shops:
D:4 *


Innate Abilities, Weirdness & Mutations

You are partially covered in slimy green scales. (AC +2)


Message History

You miss the hornet.
The hornet is severely wounded.
The hornet stings you!
* * * LOW HITPOINT WARNING * * *
You feel as though you will be slow longer.
You block the ice beast's attack.
You thump the hornet!
Your weapon exudes an aura of protection.
The hornet is almost dead.
You block the hornet's attack. x2; The ice beast barely misses you.
The hornet stings you!
* * * LOW HITPOINT WARNING * * *
You are lethally poisoned!
You feel as though you will be slow longer.
You feel better. You block the ice beast's attack. The hornet stings you!
* * * LOW HITPOINT WARNING * * *
You suddenly lose the ability to move!
The ice beast hits you but does no damage.
The hornet stings you!
You die...

##########
#........#
#........#
#...y@...#
#...Y....#
+........#
#.(......#
#........#
#.>......#
####+#####


You could see a hornet and an ice beast.

Vanquished Creatures
  The ghost of rvm the Reanimator, a novice HuNe of Ashenzari (D:8)
  The ghost of rvm the Martial Artist, a novice HuMo of Makhleb (D:7)
  Pikel (D:3)
  Grinder (D:4)
  A hungry ghost (D:5)
  Menkaure (D:3)
  3 orc warriors
  3 slaves (D:3)
  2 ice beasts
  A centaur (D:5)
  3 ogres
  A crocodile (D:8)
  Blork the orc (D:4)
  2 big kobolds
  3 bullfrogs
  5 scorpions
  4 wights
  2 howler monkeys
  The ghost of Psiweapon the Vexing, a weakling OpEn of Dithmenos (D:5)
  A bullfrog zombie (D:6)
  A centaur zombie (D:5)
  3 crimson imps
  An orc priest (D:7)
  A centaur skeleton (D:7)
  An iguana (D:4)
  6 orc wizards
  8 worker ants
  A worker ant zombie (D:3)
  11 adders
  12 gnolls
  A shadow imp (D:8)
  6 worms
  3 dart slugs (D:1)
  4 leopard geckos
  35 orcs
  3 giant cockroaches
  7 goblins
  7 hobgoblins
  9 jackals
  13 kobolds
  6 quokkas
  3 ball pythons
  6 bats
  6 frilled lizards
  A jackal skeleton (D:4)
  A leopard gecko zombie (D:6)
  A quokka skeleton (D:5)
  10 rats
205 creatures vanquished.

Notes
Turn   | Place    | Note
-------+----------+-------------------------------------------
     0 | D:1      | Psiweapon the Hill Orc Fighter began the quest for the Orb.
     0 | D:1      | Reached XP level 1. HP: 19/19 MP: 1/1
   293 | D:1      | Reached XP level 2. HP: 27/27 MP: 2/2
   589 | D:1      | Reached XP level 3. HP: 13/33 MP: 3/3
  1415 | D:2      | Reached XP level 4. HP: 22/40 MP: 4/4
  1815 | D:4      | Found Alexip's General Store.
  1823 | D:4      | Bought a scroll of noise for 10 gold pieces
  1823 | D:4      | Bought a potion of curing for 30 gold pieces
  1872 | D:3      | Reached skill level 1 in Dodging
  1872 | D:3      | Reached XP level 5. HP: 29/46 MP: 5/5
  1894 | D:3      | Reached skill level 5 in Axes
  2148 | D:3      | Found a shadowy altar of Dithmenos.
  2646 | D:4      | Noticed a slave
  2651 | D:4      | Noticed a slave
  2666 | D:3      | Killed a slave
  2963 | D:3      | Reached XP level 6. HP: 53/53 MP: 6/6
  3062 | D:4      | Noticed Menkaure
  3067 | D:4      | Noticed a slave
  3085 | D:3      | Killed Menkaure
  3409 | D:3      | Killed a slave
  3418 | D:4      | Noticed Pikel
  3438 | D:3      | Killed a slave
  3494 | D:4      | Noticed a slave
  3503 | D:3      | Killed Pikel
  3503 | D:3      | Reached skill level 5 in Fighting
  3503 | D:3      | Reached skill level 4 in Maces & Flails
  3503 | D:3      | Reached skill level 5 in Shields
  3503 | D:3      | Reached XP level 7. HP: 48/61 MP: 7/7
  3617 | D:4      | Found a sacrificial altar of Ru.
  3617 | D:4      | Found a shattered altar of Ashenzari.
  3617 | D:4      | Noticed Blork the orc
  3618 | D:4      | Found a white marble altar of Elyvilon.
  3635 | D:4      | Killed Blork the orc
  3635 | D:4      | Reached XP level 8. HP: 25/68 MP: 8/8
  3936 | D:4      | Reached skill level 5 in Maces & Flails
  4162 | D:4      | Noticed Grinder
  4191 | D:4      | Killed Grinder
  4191 | D:4      | Reached skill level 6 in Maces & Flails
  4191 | D:4      | Reached skill level 1 in Crossbows
  4191 | D:4      | Reached skill level 1 in Stealth
  4360 | D:4      | Found a faded altar of an unknown god.
  4360 | D:4      | Found a faded altar of an unknown god.
  4365 | D:4      | Found a faded altar of an unknown god.
  4367 | D:4      | Found an opulent altar of Gozag.
  4368 | D:4      | Found a faded altar of an unknown god.
  4422 | D:4      | Found a snail-covered altar of Cheibriados.
  4450 | D:4      | Got a polished leather armour
  4453 | D:4      | Identified the +5 leather armour of the Game of Life {rC++ Str+2} (You found it on level 4 of the Dungeon)
  4497 | D:5      | Entered Level 5 of the Dungeon
  5209 | D:4      | Became a worshipper of Cheibriados the Contemplative
  5226 | D:5      | Noticed Psiweapon's ghost (weakling OpEn)
  5252 | D:5      | Killed Psiweapon's ghost
  5321 | D:5      | Reached XP level 9. HP: 34/75 MP: 9/9
  5589 | D:5      | Found a hide-covered altar of Uskayaw.
  5729 | D:5      | Found a bloodstained altar of Trog.
  5745 | D:5      | Reached skill level 7 in Maces & Flails
  5975 | D:5      | Found a basalt altar of Yredelemnul.
  6050 | D:6      | Reached * piety under Cheibriados
  6876 | D:7      | Found a staircase to the Ecumenical Temple.
  6894 | Temple   | Entered the Ecumenical Temple
  7685 | D:7      | Reached ** piety under Cheibriados
  7856 | D:7      | Reached skill level 8 in Maces & Flails
  7924 | D:7      | Noticed rvm's ghost (novice HuMo)
  7969 | D:7      | Gained mutation: You are partially covered in slimy green scales. (AC +2) [potion of beneficial mutation]
  7980 | D:7      | Killed rvm's ghost
  7980 | D:7      | Reached XP level 10. HP: 12/84 MP: 7/11
  8787 | D:8      | Found a stormy altar of Qazlal.
  8787 | D:8      | Noticed rvm's ghost (novice HuNe)
  8807 | D:8      | Killed rvm's ghost
  9008 | D:10     | Entered Level 10 of the Dungeon
  9085 | D:9      | Paralysed by a hornet for 3 turns
  9094 | D:9      | HP: 2/86 [hornet (12)]
  9095 | D:9      | Paralysed by a hornet for 1 turns
  9095 | D:9      | Mangled by a hornet

Vault maps used:
D:1:      lightli_arrival_statuegarden
D:2:      first_bread
D:3:      grunt_dithmenos_smoke
D:4:      nicolae_overflow_crystal_walls, chequers_temple_overflow_minitemple,
          gammafunk_temple_overflow_claw, serial_shops, nicolae_shop_trees,
          lexackson_kobold_supper, uniq_grinder, uniq_blork_the_orc,
          uniq_menkaure, uniq_pikel
D:5:      lemuel_doored_altar, hangedman_feature_mirror
D:8:      lemuel_round_altar, old_standard_altar, lair_0_dummy
D:9:      special_room, uniq_erica
D:10:     orc_0_dummy, basic_altar, uniq_grum
Temple:   hc_temple_tempest_star

Skill      XL: |  1  2  3  4  5  6  7  8  9 10 |
---------------+-------------------------------+-----
Axes           | 3 4 5 6 |  6.0
Fighting       | 4 5 6 7 |  7.1
Shields        | 4 5 7 |  7.4
Dodging        | 1 2 3 4 |  4.2
Maces & Flails | 4 6 8 |  8.7
Crossbows      | 2 3 4 |  4.4
Stealth        | 1 2 |  2.5
Armour         | 4 |  4.5
Invocations    | 2 3 |  3.8
Evocations     | |  0.2

Action                   |  1- 3 |  4- 6 |  7- 9 | 10-12 || total
-------------------------+-------+-------+-------+-------++-------
Melee: War axe           |   122 |   131 |     5 |       ||   258
       Flail             |       |    77 |   358 |    77 ||   512
       Whip              |       |       |    72 |     9 ||    81
 Fire: Hand crossbow     |       |       |    80 |    29 ||   109
Throw: Throwing net      |       |       |     1 |     1 ||     2
Invok: Bend Time         |       |       |     5 |     5 ||    10
Evoke: Wand              |       |     3 |       |       ||     3
  Use: Scroll            |       |     7 |     6 |       ||    13
       Potion            |       |     4 |     3 |     2 ||     9
 Stab: Sleeping          |       |       |     3 |     1 ||     4
       Distracted        |       |       |     2 |       ||     2
  Eat: Chunk             |     2 |     7 |     8 |     1 ||    18
       Meat ration       |       |       |     1 |       ||     1
       Beef jerky        |       |       |     1 |       ||     1
Armor: Scale mail        |    19 |       |       |       ||    19
       Leather armour    |    35 |    48 |   132 |    22 ||   237
       Skin              |       |       |     3 |       ||     3
Dodge: Dodged            |    38 |    81 |   156 |    23 ||   298
Block: Shield            |    76 |   110 |   213 |    59 ||   458
